 Dungeon Crawl Stone Soup version 0.30-a0-726-gd89dcf765f (webtiles) character file.

Game seed: 5981250515087772061

8008 hikkokomori the Covert (level 11, -11/73 HPs)
             Began as a Kobold Gladiator on Jan 30, 2023.
             Was an Elder of Okawaru.
             Mangled by Erolcha
             ... wielding a +0 giant club
              (25 damage)
             ... on level 9 of the Dungeon.
             The game lasted 00:18:51 (11200 turns).

hikkokomori the Covert (Kobold Gladiator)          Turns: 11200, Time: 00:18:51

Health: -11/73     AC:  9    Str: 13    XL:     11   Next: 47%
Magic:  22/24      EV: 23    Int: 12    God:    Okawaru [****..]
Gold:   242        SH:  0    Dex: 20    Spells: 15/15 levels left

rFire   . . .      SeeInvis .    K - +2 short sword (speed)
rCold   . . .      Faith    .    (no shield)
rNeg    . . .      Spirit   .    B - +2 robe {Will+}
rPois   .          Reflect  .    c - +1 helmet
rElec   .          Harm     .    P - +0 cloak "Kaucu" {rCorr Int+3}
rCorr   +          Rampage  .    (no gloves)
Will    +....                    F - +0 pair of boots
Stlth   ++++++++                 (no amulet)
HPRegen 0.32/turn                u - ring of magical power
MPRegen 0.19/turn                g - ring of resist corrosion

@: mighty, heroic, attractive
A: small, no large weapons, nightstalker 3
a: Renounce Religion, Heroism, Finesse


You were on level 9 of the Dungeon.
You worshipped Okawaru.
Okawaru was greatly pleased with you.
You visited 2 branches of the dungeon, and saw 10 of its levels.
You visited the Abyss 1 time.
You also visited: Sewer.

You collected 524 gold pieces.
You spent 282 gold pieces at shops.

Inventory:

Hand Weapons
 a - a +0 rapier
 t - a +1 morningstar of holy wrath
 v - the +5 dagger of the Reasonable God {flame, rElec Will- Stlth+}
   (You bought it in a shop on level 5 of the Dungeon)

   rElec:     It insulates you from electricity.
   Will:      It decreases your willpower.
   Stlth:     It makes you more stealthy.
 z - a +7 trident of freezing
 G - a +0 vampiric short sword
 K - a +2 short sword of speed (weapon)
Missiles
 d - 3 throwing nets (quivered)
 e - 5 boomerangs
 s - a silver boomerang
Armour
 c - a +1 helmet (worn)
 l - a +4 scale mail
 w - the +0 cloak "Rile" {rElec}
   (You found it on level 5 of the Dungeon)

   rElec:     It insulates you from electricity.
 B - a +2 robe of willpower (worn)
 F - a +0 pair of boots (worn)
 N - the +0 robe of Purpose {-Tele rF++}
   (You bought it in a shop on level 3 of the Dungeon)

   rF:        It greatly protects you from fire.
   -Tele:     It prevents most forms of teleportation.
 P - the +0 cloak "Kaucu" (worn) {rCorr Int+3}
   (You found it on level 9 of the Dungeon)

   Int:       It affects your intelligence (+3).
   rCorr:     It protects you from acid and corrosion.
 Q - +0 acid dragon scales
Jewellery
 g - a ring of resist corrosion (right hand)
 u - a ring of magical power (left hand)
Wands
 J - a wand of flame (7)
 O - a wand of roots (4)
Scrolls
 h - a scroll of torment
 i - 2 scrolls of teleportation
 o - 4 scrolls of fog
 q - a scroll of magic mapping
 r - 2 scrolls of amnesia
 x - a scroll of poison {unknown}
 y - a scroll of enchant armour
 C - a scroll of enchant weapon {unknown}
 E - a scroll of brand weapon
 I - a scroll of immolation {unknown}
Potions
 f - 5 potions of mutation
 j - a potion of attraction
 k - a potion of might
 m - a potion of flight
 n - 4 potions of curing
 p - 2 potions of cancellation


   Skills:
 + Level 10.7(15.7) Fighting
 - Level 12.3(17.3) Short Blades
 - Level 2.2(7.2) Throwing
 + Level 6.6(11.6) Dodging
 - Level 12.6(17.6) Stealth
 + Level 2.8 Spellcasting
 + Level 3.1 Invocations


You had 15 spell levels left.
You didn't know any spells.
Your spell library contained the following spells:

 Spells                   Type           Power      Damage    Failure   Level
 Necrotise                Necr           4%         1d4       26%         1
 Shock                    Conj/Air       4%         1d3       26%         1
 Swiftness                Air            1%         N/A       58%         3
 Vampiric Draining        Necr           1%         2d6       58%         3
 Airstrike                Air            0%         2d(1-17)  94%         4
 Agony                    Necr           1%         N/A       100%        5
 Storm Form               Tmut/Air       0%         N/A       100%        7
 Maxwell's Capacitive Co  Air            0%         ∞         100%        8
 Summon Lightning Spire   Summ/Air       Unusable   N/A       N/A         4

Dungeon Overview and Level Annotations

Branches:
Dungeon (9/15)             Temple (1/1) D:5            Lair (0/5) D:8
  Sewer (visited)
    Orc: D:9-12

Altars:
Ashenzari
Cheibriados
Dithmenos
Elyvilon
Kikubaaqudgha
Makhleb
Nemelex Xobeh
Okawaru
Qazlal
Ru
Sif Muna
Trog
Uskayaw
Vehumet
Xom
Yredelemnul
The Shining One

Shops:
D:3 [   D:5 (?=[

Annotations:
D:7 3 runed translucent doors, Newt's ghost, novice DsGl
D:9 Erolcha


Innate Abilities, Weirdness & Mutations

You are small and have problems with some larger weapons.
You are completely attuned to the shadows.


Message History

You shout for attention!
You see here a +0 ring mail.
There is an open door here.
What are your orders? t - Shout!
Orders for allies: a - Attack new target. r - Retreat! s - Stop attacking. g - Guard the area. f - Follow me.
Anything else - Cancel.
You shout for attention!
Erolcha shouts!
Erolcha points at you and mumbles some strange words.
The fireball explodes!
The fireball engulfs you!!
Really quaff the potion of attraction?
You feel attractive to monsters. Erolcha is attracted toward you.
You barely miss Erolcha. You hit Erolcha but do no damage.
You hit Erolcha but do no damage.
Erolcha mumbles some strange words.
Erolcha flickers and vanishes!
Deactivating autopickup; reactivate with Ctrl-A.
You closely miss something.
You feel very mighty all of a sudden. Something hits you!!!
* * * LOW HITPOINT WARNING * * *
You puncture something! You puncture something! You punch something.
You gain the combat prowess of a mighty hero.
Something closely misses you.
You closely miss something. You puncture something! You barely miss something.
You barely miss something.
You hear some strange, mumbled words.
Something is attracted toward you. Something is attracted toward you.
You puncture something! You closely miss something. You puncture something!
Something hits you!!
You die...

###......### ######## ###
############### ###
##.###.............# #.#
#..............##### #.###
##..#####.#####.# #.#.## #.....#
#.# #.# #....# #...#.# #.# ##'##
#..... #.....###.# ##.@.##
##...# #.........###..{..##
#####.## #.....######)..§...##
##.###.#
#..)...####.........####...##.##
#.#.......+..§......'...........
#.##...####.........####......##
#......# ##.......## #..#####
#..###.# ##.....## #.## #..###.#
##...## #.#


There were no monsters in sight!

Vanquished Creatures
  Harold (D:9)
  2 two-headed ogres
  A large abomination (Abyss:2)
  Maurice (D:8)
  Psyche (D:9)
  Grinder (D:3)
  A troll (D:5)
  Prince Ribbit (D:6)
  A raiju (Abyss:2)
  6 yaks (D:8)
  A vampire (D:7)
  2 steam dragons
  An acid dragon (D:9)
  2 water moccasins (D:9)
  4 sky beasts
  3 orc warriors
  2 ogres (D:6)
  A phantom (D:5)
  2 centaurs (D:9)
  A kobold brigand (Sewer)
  4 wights
  4 killer bees (D:9)
  3 howler monkeys (D:9)
  2 jellies
  9 orc priests
  6 hounds
  3 gnoll boudas
  4 iguanas
  5 orc wizards
  17 gnolls
  5 river rats (Sewer)
  5 adders
  3 shadow imps
  2 white imps
  An ufetubus (D:3)
  3 worms
  2 dart slugs
  30 orcs
  9 endoplasms
  9 giant cockroaches
  A goblin (D:1)
  8 hobgoblins
  3 jackals (Sewer)
  12 kobolds
  7 quokkas
  8 ball pythons
  6 bats
  6 frilled lizards
  5 rats
217 creatures vanquished.

Vanquished Creatures (collateral kills)
  An iguana (D:5)
1 creature vanquished.

Vanquished Creatures (others)
  An orc wizard (D:8)
  9 plants (Sewer)
10 creatures vanquished.

Grand Total: 228 creatures vanquished

Notes
Turn   | Place    | Note
-------+----------+-------------------------------------------
     0 | D:1      | hikkokomori the Kobold Gladiator began the quest for the
                  | Orb.
     0 | D:1      | Reached XP level 1. HP: 12/12 MP: 1/1
    70 | D:1      | Reached XP level 2. HP: 18/18 MP: 2/2
    94 | D:1      | Reached skill level 1 in Stealth
   399 | D:1      | Reached XP level 3. HP: 18/22 MP: 3/3
  1281 | D:2      | Found a faded altar of an unknown god.
  1376 | D:2      | Reached XP level 4. HP: 25/27 MP: 4/4
  1958 | D:3      | Reached XP level 5. HP: 20/32 MP: 5/5
  2169 | D:3      | Noticed Grinder
  2178 | D:3      | Paralysed by Grinder for 4 turns
  2186 | D:3      | Killed Grinder
  2187 | D:3      | Reached skill level 5 in Short Blades
  2187 | D:3      | Reached skill level 5 in Dodging
  2187 | D:3      | Reached XP level 6. HP: 16/38 MP: 6/6
  2342 | D:3      | Found Focan's Antique Armour Shop.
  2857 | D:3      | Reached XP level 7. HP: 13/43 MP: 7/7
  3380 | D:4      | Found a burning altar of Makhleb.
  3948 | D:5      | Entered Level 5 of the Dungeon
  3991 | D:5      | Reached skill level 5 in Stealth
  4134 | D:5      | Found a glowing drain.
  4152 | Sewer    | Entered a sewer
  4525 | Sewer    | Reached skill level 5 in Fighting
  4783 | Sewer    | Reached XP level 8. HP: 49/49 MP: 8/8
  5104 | D:5      | Found Gol Xept's Antique Weapon Emporium.
  5106 | D:5      | Found Jihiow's Jewellery Emporium.
  5106 | D:5      | Found Qiv Syll's Magic Scroll Emporium.
  5108 | D:5      | Found Syifiuk's Armour Emporium.
  5133 | D:5      | Bought a translucent dagger for 140 gold pieces
  5133 | D:5      | Identified the +5 dagger of the Reasonable God {flame,
                  | rElec Will- Stlth+} (You bought it in a shop on level 5 of
                  | the Dungeon)
  5154 | D:5      | Found an ancient bone altar of Kikubaaqudgha.
  5154 | D:5      | Found an iron altar of Okawaru.
  5239 | D:5      | Noticed a troll
  5250 | D:5      | Killed a troll
  5376 | D:5      | Identified the +0 cloak "Rile" {rElec}
  5512 | D:5      | Found a staircase to the Ecumenical Temple.
  5522 | Temple   | Entered the Ecumenical Temple
  5705 | D:5      | Became a worshipper of Warmaster Okawaru
  5905 | D:5      | Found a snail-covered altar of Cheibriados.
  6288 | D:6      | Reached XP level 9. HP: 56/56 MP: 9/9
  6331 | D:6      | Noticed Prince Ribbit
  6332 | D:6      | Reached * piety under Okawaru
  6336 | D:6      | Killed Prince Ribbit
  6414 | D:6      | Found a hide-covered altar of Uskayaw.
  6793 | D:6      | Found a sparkling altar of Nemelex Xobeh.
  7051 | D:7      | Reached ** piety under Okawaru
  7081 | D:7      | Reached skill level 10 in Short Blades
  7168 | D:7      | Noticed a deep elf pyromancer
  7199 | D:7      | Reached skill level 10 in Stealth
  7327 | D:7      | Found a runed translucent gate.
  7328 | D:7      | Found a runed translucent gate.
  7329 | D:7      | Found a runed translucent gate.
  7518 | D:7      | Reached XP level 10. HP: 53/64 MP: 10/10
  7849 | D:7      | Noticed Newt's ghost (novice DsGl)
  8191 | D:8      | Noticed a two-headed ogre
  8203 | D:8      | Killed a two-headed ogre
  8203 | D:8      | Reached *** piety under Okawaru
  8363 | D:8      | Found a staircase to the Lair.
  8774 | D:8      | Noticed Maurice
  8778 | D:8      | Killed Maurice
  9079 | D:8      | Reached **** piety under Okawaru
  9681 | D:3      | Bought a heavily jewelled robe for 142 gold pieces
  9681 | D:3      | Identified the +0 robe of Purpose {-Tele rF++} (You bought
                  | it in a shop on level 3 of the Dungeon)
  9828 | D:9      | Noticed a two-headed ogre
  9864 | D:9      | Killed a two-headed ogre
  9864 | D:9      | Received a gift from Okawaru
  9865 | D:9      | Reached skill level 10 in Fighting
  9865 | D:9      | Reached XP level 11. HP: 54/72 MP: 11/11
  9970 | D:9      | Noticed Psyche
  9974 | D:9      | Killed Psyche
 10073 | D:9      | Identified the +0 cloak "Kaucu" {rCorr Int+3}
 10103 | D:9      | Reached skill level 1 in Spellcasting
 10103 | D:9      | Reached skill level 1 in Invocations
 10468 | D:9      | Noticed Harold
 10471 | D:9      | Killed Harold
 10602 | D:9      | Noticed Erolcha
 10611 | Abyss:2  | Cast into level 2 of the Abyss (Erolcha)
 10698 | Abyss:2  | Noticed a large abomination
 10713 | Abyss:2  | Killed a large abomination
 10778 | D:9      | Escaped the Abyss
 11200 | D:9      | Mangled by Erolcha

Illustrated notes

Levels and vault maps discovered:
D:1:      saegor_arrival_simple_b, layout_loops_cross, minmay_tromino_v7
D:2:      layout_loops_cross, ebering_ecumenical_altar_petrified,
          skrybe_limestone_x
D:3:      layout_basic, serial_shops, nicolae_shop_stone, uniq_grinder
D:4:      layout_basic, mainiacjoe_overflow_alcove_1
D:5:      layout_rooms, mainiacjoe_overflow_tiny_flanked,
          gammafunk_temple_overflow_wave, minmay_temple_entry_proselytizer,
          gup_sewer_entry_pipe, minmay_shop_grid_forest
D:6:      layout_rooms, nicolae_overflow_crystal_walls,
          nemelex_dance_club_becter, uniq_prince_ribbit1
D:7:      layout_basic, gammafunk_ghost_split
D:8:      layout_cave_pods, lair_entry_dummy, hellmonk_bongcloud_opening,
          uniq_maurice
D:9:      layout_loops_corners, nicolae_sextant, uniq_harold, uniq_erolcha,
          uniq_psyche
Temple:   nicolae_temple_bog_church

Skill      XL: |  1  2  3  4  5  6  7  8  9 10 11 |
---------------+----------------------------------+-----
Stealth        | 1 2 4 5 7 10 12 | 12.6
Dodging        | 4 5 6 |  6.6
Fighting       | 3 4 5 6 8 10 | 10.7
Short Blades   | 5 6 8 10 12 | 12.3
Spellcasting   | 2 |  2.8
Invocations    | 3 |  3.1
Throwing       | |  2.2

Action                     |  1- 3 |  4- 6 |  7- 9 | 10-12 || total
---------------------------+-------+-------+-------+-------++-------
  Melee: Rapier            |    81 |    91 |   261 |       ||   433
         Punch             |       |     1 |     8 |     6 ||    15
         Dagger            |       |       |   200 |   209 ||   409
         Short sword       |       |       |       |    13 ||    13
  Throw: Throwing net      |       |     1 |     1 |     1 ||     3
         Boomerang         |       |       |     4 |       ||     4
 Invoke: Heroism           |       |       |       |     2 ||     2
  Evoke: Wand              |       |       |       |     3 ||     3
    Use: Scroll            |       |       |    14 |     3 ||    17
         Potion            |       |       |     3 |    11 ||    14
   Stab: Sleeping          |    13 |    11 |    24 |    12 ||    60
         Held in net/web   |       |       |     1 |       ||     1
         Invisible         |       |       |       |     3 ||     3
 Armour: Leather armour    |     9 |       |       |       ||     9
         Ring mail         |     3 |    17 |    69 |    22 ||   111
         Scale mail        |       |       |       |    11 ||    11
         Acid dragon scale |       |       |       |     3 ||     3
  Dodge: Dodged            |    56 |    56 |   227 |    84 ||   423

Table legend: (Time is in decaauts)
 A = Elapsed time spent in this place.
 B = Non-inter-level travel time spent in this place.
 C = Inter-level travel time spent in this place.
 D = Time resting spent in this place.
 E = Time spent auto-exploring this place.
 F = Levels seen in this place.
 G = Mean time per level.
                   A        B        C        D        E       F      G
               +--------+--------+--------+--------+--------+-----+--------+
         Total |  11134 |  10584 |    550 |    494 |   8227 |  12 |  927.8 |
       Dungeon |   9650 |   9109 |    541 |    378 |   7266 |   9 | 1072.2 |
        Temple |    270 |    261 |      9 |    116 |    128 |   1 |  270.0 |
         Abyss |    142 |    142 |      0 |      0 |      0 |   1 |  142.0 |
         Sewer |   1070 |   1070 |      0 |      0 |    832 |   1 | 1070.0 |
               +--------+--------+--------+--------+--------+-----+--------+

Top non-repeatable levels by time:
     D:8: 1478 daAuts
     D:3: 1318 daAuts
     D:9: 1226 daAuts
     D:5: 1177 daAuts
     D:7: 1112 daAuts
     D:4: 1100 daAuts
   Sewer: 1070 daAuts
     D:1: 812 daAuts
     D:2: 778 daAuts
     D:6: 646 daAuts
  Temple: 270 daAuts
 Abyss:2: 142 daAuts
